 Dungeon Crawl Stone Soup version 0.29-a0-775-g4d7333d4e2 (webtiles) character file.

Game seed: 17439328135465742060

40 Zdeegee the Covered (level 4, -2/17 (40) HPs)
             Began as a Meteoran Fighter on July 1, 2022.
             Succumbed to an adder's poison
             ... on level 2 of the Dungeon.
             The game lasted 00:01:40 (922 turns).

Zdeegee the Covered (Meteoran Fighter)               Turns: 922, Time: 00:01:41

HP:   -2/17 (40)    AC:  7    Str: 19    XL:     4   Next: 0%
MP:   5/5           EV:  9    Int: 10    God:
Gold: 52            SH:  5    Dex: 13    Spells: 3/3 levels left

rFire   . . .      SeeInvis .   a - +0 flail
rCold   . . .      Faith    .   c - +0 buckler
rNeg    . . .      Spirit   .   b - +0 scale mail
rPois   .          Reflect  .   (no helmet)
rElec   .          Harm     .   (no cloak)
rCorr   .          Rampage  .   (no gloves)
Will    .....                   (no boots)
Stlth   ..........              (no amulet)
HPRegen 0.05/turn               (no ring)
MPRegen 0.09/turn               (no ring)

@: lethally poisoned (-2 -> -13), glowing, extremely drained
A: sense surroundings 1, otherworldly, glowing, explore regen
a: no special abilities


You were on level 2 of the Dungeon.
You visited 1 branch of the dungeon, and saw 2 of its levels.

You collected 52 gold pieces.

Inventory:

Hand Weapons
 a - a +0 flail (weapon)
 f - a +0 sling
Armour
 b - a +0 scale mail (worn)
 c - a +0 buckler (worn)
Scrolls
 g - a scroll of enchant armour {unknown}
 i - a scroll of summoning {unknown}
 j - a scroll of amnesia {unknown}
 k - a scroll of noise {unknown}
Potions
 d - a potion of might
 e - 3 potions of curing {unknown}
 h - a potion of degeneration {unknown}


   Skills:
 + Level 3.7 Fighting
 + Level 3.1 Maces & Flails
 + Level 4.2 Armour
 + Level 0.5 Dodging
 + Level 4.1 Shields


You had 3 spell levels left.
You didn't know any spells.
Your spell library was empty.

Dungeon Overview and Level Annotations

Branches:
Dungeon (2/15) Zot: 657

Altars:


Innate Abilities, Weirdness & Mutations

You passively map a small area around you.
You are easily found by Zot.
You glow in the dark.
You regain HP and MP as you explore.


Message History

You sock the rat!
You kill the rat!
You have reached level 4!
Things that are here:
a +0 short sword; 2 stones; a kobold corpse
Found a leather armour.
HP restored.
An adder comes into view.
Found a shiny orb.
The adder hisses angrily.
Found 18 gold pieces.
You miss the adder. The adder bites you. x2
You are poisoned.
The adder poisons you!
You barely miss the adder.
You feel sick. The adder bites you but does no damage.
You hit the adder.
The adder is heavily wounded.
You feel sick. The adder bites you.
You are more poisoned.
The adder poisons you! The adder bites you.
* * * LOW HITPOINT WARNING * * *
You are too injured to fight recklessly!
You are too injured to fight recklessly!
You are too injured to fight recklessly!
Unknown command.
You closely miss the adder.
The adder is heavily wounded.
* * * LOW HITPOINT WARNING * * *
You feel sick. You block the adder's attack. The adder barely misses you.
You closely miss the adder.
The adder is heavily wounded.
* * * LOW HITPOINT WARNING * * *
You feel sick. The adder bites you.
* * * LOW HITPOINT WARNING * * *
You are more poisoned.
The adder poisons you! The adder bites you but does no damage.
You miss the adder.
The adder is heavily wounded.
You die...

,**, #...### ##### *
,,,####...# ###.... ,
*#..###.####...###
#####...#..#...###
#####..####.......######
........###...###..[##..
, ,,
.$......##..#..####.##..
....[...#.......†>.[...#
......S@..#...<.).......
,
,.........##.....†##.....
,
........########.##.....
, .......## #.##.....
#...... .....#...
######.,* ......... ##,
.....###.# ** .#.#.#* ..
#., ##


You could see an adder.

Vanquished Creatures
  A gnoll (D:1)
  A dart slug (D:1)
  6 ball pythons
  An endoplasm (D:2)
  2 giant cockroaches
  5 hobgoblins (D:1)
  3 kobolds
  A quokka (D:1)
  A bat (D:1)
  A frilled lizard (D:1)
  5 rats
27 creatures vanquished.

Notes
Turn   | Place    | Note
-------+----------+-------------------------------------------
     0 | D:1      | Zdeegee the Meteoran Fighter began the quest for the Orb.
     0 | D:1      | Reached XP level 1. HP: 19/19 MP: 2/2
   108 | D:1      | Reached XP level 2. HP: 18/26 MP: 3/3
   216 | D:1      | Reached XP level 3. HP: 31/31 MP: 4/4
   488 | D:1      | Glimpsed the power of Zot.
   537 | D:1      | Glimpsed the power of Zot.
   575 | D:1      | Glimpsed the power of Zot.
   585 | D:1      | Touched by the power of Zot.
   686 | D:1      | Glimpsed the power of Zot.
   735 | D:1      | Glimpsed the power of Zot.
   775 | D:1      | Glimpsed the power of Zot.
   785 | D:1      | Touched by the power of Zot.
   871 | D:2      | Reached XP level 4. HP: 2/17 MP: 5/5
   922 | D:2      | Succumbed to an adder's poison

Illustrated notes

Levels and vault maps discovered:
D:1:      roderic_chinese_lattice_arrival, layout_basic
D:2:      layout_rooms, dreamdust_ecumenical_altar_hidden_monk_grotto,
          minmay_puff

Skill      XL: |  1  2  3 |
---------------+----------+-----
Armour         | 4 |  4.2
Maces & Flails | 3 |  3.1
Shields        | 4 |  4.1
Fighting       | |  3.7
Dodging        | |  0.5

Action                   |  1- 3 |  4- 6 || total
-------------------------+-------+-------++-------
Melee: Flail             |    69 |     6 ||    75
Armor: Scale mail        |    33 |     2 ||    35
Dodge: Dodged            |    27 |     1 ||    28
Block: Buckler           |    17 |     1 ||    18

Table legend: (Time is in decaauts)
 A = Elapsed time spent in this place.
 B = Non-inter-level travel time spent in this place.
 C = Inter-level travel time spent in this place.
 D = Time resting spent in this place.
 E = Time spent auto-exploring this place.
 F = Levels seen in this place.
 G = Mean time per level.
                   A        B        C        D        E       F      G
               +--------+--------+--------+--------+--------+-----+--------+
         Total |    943 |    923 |     20 |      0 |    735 |   2 |  471.5 |
       Dungeon |    943 |    923 |     20 |      0 |    735 |   2 |  471.5 |
               +--------+--------+--------+--------+--------+-----+--------+

Top non-repeatable levels by time:
     D:1: 874 daAuts
     D:2: 69 daAuts
